Unix NetHack Version 3.7.0-95 Work-in-progress - last build Jan 1 2024 20:51:50 (6a0ccc5fa2390e420dd2d488a2f9488d2ae3a63b,branch:master). Game began 2024-01-12 12:45:28, ended 2024-01-12 12:54:39. mmj, chaotic female elven Wizard ---- |..| |..| |*-- |.| |<| |...-.| |.-- |.....| |..---h..(.- --....@..G)^. |..------)[# |..-- |..| --...| |..| |...-- |..- |...| ---.-. --.-- |.... --- |.... Mmj the Conjurer St:8 Dx:12 Co:14 In:19 Wi:12 Ch:12 Chaotic Dlvl:3 $:30 HP:0(25) Pw:4(57) AC:9 Xp:4/143 T:1876 Latest messages: There are several objects here. In what direction? l You kill the gnome lord! You kill the gnome! You swap places with your kitten. The gnome lord shoots an arrow! You are hit by an arrow! The gnome lord shoots 2 arrows! You are almost hit by the 1st arrow. The 2nd arrow misses you. In what direction? l The gnome lord suddenly seems weaker! In what direction? l The spell hits the gnome lord! You kill the gnome lord! There are several objects here. You see here a candle. The kitten eats a gnome lord corpse. The dwarf zaps a platinum wand! The wand hits the kitten! You have a sad feeling for a moment, then it passes. Boing! There is a branch staircase up to the Dungeons of Doom here. You see here a rock. In what direction? k You kick a rock. You climb up the stairs. You stop waiting. You stop waiting. The newt bites! You kill the newt! Double fight prefix, canceled. The 'F' prefix should be followed by a movement command. You stop waiting. In what direction? l The spell hits the kobold! You kill the kobold! You see here a kobold corpse. You see here a kobold corpse. You descend the stairs. In what direction? k The spell misses the dwarf. The dwarf swings his broad pick. The dwarf hits! In what direction? k The spell misses the dwarf. The dwarf swings his broad pick. The dwarf hits! You die... Do you want your possessions identified? [ynq] (y) q Inventory: Coins $ - 30 gold pieces Amulets s - an uncursed amulet of unchanging Weapons a - a blessed +1 quarterstaff (weapon in hands) Armor b - an uncursed +0 cloak of magic resistance (being worn) Comestibles q - an uncursed food ration t - an uncursed lichen corpse Scrolls o - an uncursed scroll of amnesia u - an uncursed scroll of confuse monster j - 3 uncursed scrolls of identify i - 2 uncursed scrolls of light Spellbooks l - an uncursed spellbook of drain life k - a blessed spellbook of force bolt Potions g - an uncursed potion of confusion h - an uncursed potion of restore ability Rings d - an uncursed ring of slow digestion (on right hand) e - an uncursed ring of sustain ability Wands c - a wand of teleportation (0:5) Tools n - an uncursed bell m - a magic marker (0:21) Gems/Stones p - 2 uncursed worthless pieces of blue glass Mmj the Wizard's attributes: Background: You were a Conjurer, a level 4 female elven Wizard. You were chaotic, nominally on a mission for Anhur who was opposed by Ptah (lawful) and Thoth (neutral). You were left-handed. You were in the Gnomish Mines, on level 3. You entered the dungeon 1876 turns ago. There was a new moon in effect when your adventure ended. You had 143 experience points, 17 more were needed to attain level 5. Basics: You had 0 out of 25 hit points. You had 4 out of 57 energy points (spell power). Your armor class was 9. Your wallet contained 30 zorkmids. Autopickup was on for '$' plus thrown. Final Characteristics: Your strength was 8 (limit:18). Your dexterity was 12 (limit:18). Your constitution was 14 (limit:16). Your intelligence was 19 (limit:20). Your wisdom was 12 (limit:20). Your charisma was 12 (limit:18). Final Status: You weren't hungry. You were unencumbered. You were wielding a quarterstaff. You had basic skill with quarterstaff. Final Attributes: You were devoutly aligned. You were magic-protected. You were sleep resistant. You had infravision. You had slower digestion. You were warded. You are dead. Miscellaneous: You never encountered a bones level. Total elapsed playing time was 9 minutes and 10 seconds. Major events: Turn 1: mmj the chaotic female elven Wizard entered the dungeon 767: entered the Gnomish Mines 1177: attained the rank of Conjurer (level 3) 1876: killed by a dwarf Vanquished creatures: 2 gnome leaders a kitten a dwarf an acid blob a coyote a hobbit a yellow mold 8 gnomes 3 geckos a fox 2 kobolds 6 grid bugs 4 lichens 3 kobold zombies 6 newts 41 creatures vanquished. No species were genocided or became extinct. Voluntary challenges: You were an atheist. You were illiterate. You never engraved Elbereth. You never genocided any monsters. You never polymorphed an object. You never changed form. You used no wishes. Achievements: You entered the Gnomish Mines. You attained the rank of Conjurer. The Dungeons of Doom: levels 1 to 3 Level 1: Level 2: Stairs down to The Gnomish Mines. Level 3: A sink. The Gnomish Mines: Level 3: <- You were here. Final resting place for you, killed by a dwarf. Game over: ---------- / \ / REST \ / IN \ / PEACE \ / \ | mmj | | 30 Au | | killed by a | | dwarf | | | | | | 2024 | *| * * * | * _________)/\\_//(\/(/\)/\//\/|_)_______ Goodbye mmj the Wizard... You died in The Gnomish Mines on dungeon level 3 with 699 points, and 30 pieces of gold, after 1876 moves. You were level 4 with a maximum of 25 hit points when you died.